 Dungeon Crawl Stone Soup version 0.29-a0-925-g0a7a3d12f8 (webtiles) character file.

Game seed: 654841018963398788

384 quixfox the Digger (level 6, -2/32 HPs)
             Began as a Gargoyle Earth Elementalist on July 30, 2022.
             Slain by a hornet (7 damage)
             ... on level 4 of the Dungeon.
             The game lasted 00:09:26 (4227 turns).

quixfox the Digger (Gargoyle Earth Elementalist)    Turns: 4227, Time: 00:09:27

Health: -2/32      AC:  9    Str: 12    XL:     6   Next: 77%
Magic:  9/12       EV: 11    Int: 17    God:
Gold:   221        SH:  0    Dex: 10    Spells: 7/13 levels left

rFire   . . .      SeeInvis .   o - staff of earth
rCold   . . .      Faith    .   (no shield)
rNeg    + . .      Spirit   .   a - +0 robe
rPois   ∞          Reflect  .   (no helmet)
rElec   +          Harm     .   (no cloak)
rCorr   .          Rampage  .   h - +1 pair of gloves
Will    .....                   w - +0 pair of boots
Stlth   ++........              x - amulet of regeneration
HPRegen 0.90/turn               (no ring)
MPRegen 0.13/turn               (no ring)

@: no status effects
A: sickness immunity, AC +4, negative energy resistance 1, electricity
resistance, torment resistance 1, petrification resistance
a: no special abilities


You were on level 4 of the Dungeon.
You visited 1 branch of the dungeon, and saw 6 of its levels.

You collected 221 gold pieces.

Inventory:

Armour
 a - a +0 robe (worn)
 h - a +1 pair of gloves (worn)
 p - a +2 buckler
 w - a +0 pair of boots (worn)
Magical Staves
 o - a staff of earth (weapon)
Jewellery
 x - an amulet of regeneration (around neck)
Wands
 d - a wand of acid (2)
Scrolls
 i - a scroll of enchant armour
Potions
 b - a potion of magic
 c - 2 potions of heal wounds
 e - 2 potions of haste
 f - a potion of might {unknown}
 g - 3 potions of curing {unknown}
 k - a potion of lignification {unknown}
 q - a potion of ambrosia {unknown}
 s - a potion of cancellation {unknown}
 t - a potion of degeneration {unknown}


   Skills:
 - Level 1.5 Dodging
 - Level 2.1 Stealth
 + Level 4.1 Spellcasting
 + Level 3.6 Conjurations
 - Level 0.7 Transmutations
 + Level 6.0 Earth Magic


You had 7 spell levels left.
You knew the following spells:

 Your Spells              Type           Power      Damage    Failure   Level
a - Sandblast             Erth           72%        2d16      1%          1
b - Passwall              Tmut/Erth      18%        N/A       6%          2
c - Stone Arrow           Conj/Erth      58%        3d10      6%          3

Your spell library contained the following spells:

 Spells                   Type           Power      Damage    Failure   Level
 Magic Dart               Conj           60%        1d6       3%          1
 Searing Ray              Conj           30%        2d5       5%          2
 Petrify                  Tmut/Erth      22%        N/A       36%         4
 Fulminant Prism          Conj/Hex       4%         3d6       58%         4


Dungeon Overview and Level Annotations

Branches:
Dungeon (6/15)
 Temple: D:4-7

Altars:
Ashenzari
Okawaru
Trog
Xom

Shops:
D:1 (   D:4 (

Annotations:
D:2 1 runed translucent door, Crazy Yiuf


Innate Abilities, Weirdness & Mutations

You are immune to sickness and miasma.
Your stone body is resilient. (AC +4)
You are immune to poison.
You resist negative energy. (rN+)
You are resistant to electric shocks. (rElec)
You are resistant to unholy torment.
You are immune to petrification.


Message History

You feel a surge of power!
The blast of sand hits the hobgoblin!!
You kill the hobgoblin!
You now have 190 gold pieces (gained 9).
Found a broken altar of Ashenzari.
You open the door.
There is an open door here.
You open the door.
There is an open door here.
You now have 209 gold pieces (gained 19).
An endoplasm comes into view.
The endoplasm quivers.
You can't see any susceptible monsters within range! (Use Z to cast anyway.)
You feel a surge of power!
The blast of sand hits the endoplasm!
You kill the endoplasm!
You now have 221 gold pieces (gained 12).
You open the door.
There is an open door here.
You open the door.
There is an open door here.
You open the door.
i - a scroll of enchant armour A hornet comes into view.
A hornet is nearby!
You can't see any susceptible monsters within range! (Use Z to cast anyway.)
The hornet buzzes angrily.
You feel a surge of power!
The blast of sand misses the hornet.
You feel a surge of power!
The blast of sand misses the hornet.
The hornet stings you!
The hornet stings you but does no damage.
The hornet stings you!
You are too injured to fight recklessly!
Aiming: Sandblast (safe; 1% risk of failure)
Press: ? - help, Q - select action, (/) - cycle Shift-Dir - straight line, f/p - hornet
Aim: a hornet (76% to hit)
You feel a surge of power!
The blast of sand hits the hornet!
The hornet is heavily wounded.
The hornet stings you!
* * * LOW HITPOINT WARNING * * *
The hornet stings you!
You die...

*,≈,**,,#......# *,
#.≈.##..#......# *,
#.......+......# *,
#.......#..>...####,
#.P....,#####.....#*
#.P...,,.#..#.....#,
#.P......+..+.....#,
#####.Py##...#..#.....#,
*##...#..@##...#..#.....#,
*.............#*##...##.##
*.............###..)..#...
******##...##..................
*,,,,,,#...##...........∩......
*,,,,,,#.......................
*,,,,,,+.......##..###.....#...
*,,,,,,######..##..####...#####
*******,,,,,#####..............


You could see a hornet.

Vanquished Creatures
  An ogre (D:5)
  A kobold brigand (D:6)
  A necrophage (D:4)
  A jelly (D:6)
  2 hounds (D:6)
  2 adders (D:3)
  2 worms
  4 orcs
  10 endoplasms
  2 giant cockroaches
  2 goblins
  4 hobgoblins
  3 quokkas
  A ball python (D:4)
  A bat (D:1)
  A frilled lizard (D:1)
  9 kobolds
  3 rats
50 creatures vanquished.

Vanquished Creatures (others)
  A fungus (D:2)
  4 toadstools (D:1)
5 creatures vanquished.

Grand Total: 55 creatures vanquished

Notes
Turn   | Place    | Note
-------+----------+-------------------------------------------
     0 | D:1      | quixfox the Gargoyle Earth Elementalist began the quest for
                  | the Orb.
     0 | D:1      | Reached XP level 1. HP: 10/10 MP: 3/3
   482 | D:1      | Found Tauhujaw's Antique Weapon Shoppe.
   554 | D:1      | Reached skill level 4 in Earth Magic
   554 | D:1      | Reached XP level 2. HP: 15/15 MP: 3/5
  1515 | D:2      | Reached XP level 3. HP: 19/19 MP: 3/6
  1518 | D:2      | Learned a level 2 spell: Passwall
  1522 | D:2      | Learned a level 3 spell: Stone Arrow
  1968 | D:2      | Found a runed translucent door.
  1969 | D:2      | Noticed Crazy Yiuf
  2469 | D:3      | Reached skill level 1 in Conjurations
  2726 | D:3      | You fall into a shaft and drop 3 floors!
  2738 | D:6      | Noticed a kobold brigand
  2751 | D:6      | Killed a kobold brigand
  2752 | D:6      | Reached skill level 5 in Earth Magic
  2752 | D:6      | Reached XP level 4. HP: 4/24 MP: 2/8
  2752 | D:6      | Reached XP level 5. HP: 5/28 MP: 2/9
  3063 | D:6      | Noticed a black bear
  3363 | D:6      | Found a shimmering altar of Xom.
  3460 | D:5      | Entered Level 5 of the Dungeon
  3468 | D:5      | Noticed an ogre
  3470 | D:5      | Killed an ogre
  3471 | D:5      | Reached XP level 6. HP: 32/32 MP: 8/11
  3514 | D:4      | Found Buamnull's Weapon Boutique.
  3529 | D:4      | Reached skill level 6 in Earth Magic
  3858 | D:3      | Found a faded altar of an unknown god.
  3898 | D:3      | Found an iron altar of Okawaru.
  4075 | D:4      | Found a bloodstained altar of Trog.
  4121 | D:4      | Found a broken altar of Ashenzari.
  4222 | D:4      | Noticed a hornet
  4227 | D:4      | Slain by a hornet

Illustrated notes

Levels and vault maps discovered:
D:1:      ldierk_water_garden, layout_loops_ring, serial_shops,
          nicolae_shop_hallway_stairs, nicolae_concentric_dashed_squares_mild,
          item_on_display_a
D:2:      layout_basic, uniq_crazy_yiuf_cottage
D:3:      layout_basic, okawaru_metal_pillars_1_2,
          hellmonk_ecumenical_altar_crossroads, minmay_misc_feat_diagonals
D:4:      layout_gridville, mainiacjoe_overflow_chevrons,
          mainiacjoe_overflow_cross_hatched, mainiacjoe_overflow_boulevard,
          serial_shops, nicolae_shop_bloodbath_and_beyond
D:5:      layout_gridville, grunt_dithmenos_smoke_and_mirrors, elyvilon_altar_5,
          gammafunk_ghost_gnarly_gnolls
D:6:      layout_layer_cave, mainiacjoe_overflow_brackets, serial_shops,
          nicolae_stop_n_shop_2

Skill      XL: |  1  2  3  4  5  6 |
---------------+-------------------+-----
Earth Magic    | 4 5 6 |  6.0
Conjurations   | 2 3 |  3.6
Spellcasting   | 3 4 |  4.1
Dodging        | |  1.5
Stealth        | |  2.1
Transmutations | |  0.7

Action                   |  1- 3 |  4- 6 || total
-------------------------+-------+-------++-------
Melee: Staff             |     3 |       ||     3
 Cast: Sandblast         |    59 |    22 ||    81
  Use: Scroll            |     2 |     8 ||    10
Armor: Robe              |     9 |     1 ||    10
Dodge: Dodged            |    12 |     3 ||    15

Table legend: (Time is in decaauts)
 A = Elapsed time spent in this place.
 B = Non-inter-level travel time spent in this place.
 C = Inter-level travel time spent in this place.
 D = Time resting spent in this place.
 E = Time spent auto-exploring this place.
 F = Levels seen in this place.
 G = Mean time per level.
                   A        B        C        D        E       F      G
               +--------+--------+--------+--------+--------+-----+--------+
         Total |   4309 |   4197 |    112 |    387 |   2888 |   6 |  718.2 |
       Dungeon |   4309 |   4197 |    112 |    387 |   2888 |   6 |  718.2 |
               +--------+--------+--------+--------+--------+-----+--------+

Top non-repeatable levels by time:
     D:2: 1502 daAuts
     D:3: 923 daAuts
     D:1: 847 daAuts
     D:6: 747 daAuts
     D:4: 235 daAuts
     D:5: 52 daAuts
